[Event "58th Akiba Rubinstein D 2022"]
[Site "Polanica-Zdroj"]
[Date "2022.08.17"]
[Round "5.7"]
[White "Mareau, Timothe"]
[Black "Gbiorczyk, Mikolaj"]
[Result "1/2-1/2"]
[ECO "B06"]
[WhiteElo "1590"]
[BlackElo "1781"]
[Annotator "NA RC"]
[PlyCount "106"]
[EventDate "2022.08.13"]
[EventCountry "POL"]
[SourceTitle "playchess.com"]
[Source "ChessBase"]
[SourceQuality "1"]
[TimeControl "40/5400+30:1800+30"]

1. e4 d6 2. d4 g6 3. Nc3 Bg7 4. Be3 a6 5. Qd2 b5 6. f4 Bb7 7. Bd3 Nd7 8. Nce2 Ngf6 9. Ng3 Ng4 10. Nf3 Nxe3 11. Qxe3 c5 12. c3 cxd4 13. cxd4 Qa5+ 14. Qd2 Qxd2+ 15. Kxd2 Nb6 16. Rac1 Kd7 17. Nf1 Rac8 18. Ne3 Bh6 19. g3 f5 20. d5 fxe4 21. Bxe4 Bg7 22. b3 a5 23. Rxc8 Rxc8 24. Ng5 Bd4 25. Nxh7 Bxe3+ 26. Kxe3 Bxd5 27. Bxd5 Nxd5+ 28. Kd2 Nb4 29. a3 Rc2+ 30. Ke3 Nd5+ 31. Kd3 Ra2 32. Nf8+ Ke8 33. Nxg6 Rxa3 34. Kd4 Nf6 35. Re1 Ng8 36. Re3 Kf7 37. f5 a4 38. bxa4 Rxe3 39. Kxe3 bxa4 40. Kd3 Nh6 41. Nh4 Kf6 42. Kc4 Nxf5 43. Ng2 d5+ 44. Kb4 d4 45. Kxa4 Ne3 46. Ne1 e6 47. Kb3 e5 48. g4 Nxg4 49. Kc4 Nxh2 50. Kd5 Kf5 51. Nd3 Ng4 52. Nxe5 Nxe5 53. Kxd4 Nd7 1/2-1/2

[Event "58th Akiba Rubinstein D 2022"]
[Site "Polanica-Zdroj"]
[Date "2022.08.17"]
[Round "5.8"]
[White "Penza, Denis"]
[Black "Butkiewicz, Jan"]
[Result "1-0"]
[ECO "E32"]
[WhiteElo "1836"]
[BlackElo "1613"]
[Annotator "NA RC"]
[PlyCount "95"]
[EventDate "2022.08.13"]
[EventCountry "POL"]
[SourceTitle "playchess.com"]
[Source "ChessBase"]
[SourceQuality "1"]
[TimeControl "40/5400+30:1800+30"]

1. d4 Nf6 2. c4 e6 3. Nc3 Bb4 4. Qc2 O-O 5. a3 Bxc3+ 6. Qxc3 b6 7. Bg5 Bb7 8. f3 h6 9. Bh4 d5 10. cxd5 exd5 11. e3 Nbd7 (11... Re8 $11 {is superior.}) 12. Bd3 Re8 13. Ne2 Qe7 14. Bf2 c5 15. O-O c4 16. Bc2 b5 17. Qa5 Bc6 18. Ng3 Qd8 19. Qxd8 (19. Qd2 $14) 19... Rexd8 {[%emt 0:01:11] [#]} (19... Raxd8 $11 {keeps the balance.} 20. Rfe1 h5) 20. e4 $1 Nb6 21. Nf5 (21. e5 $16 Ne8 22. f4 (22. Nf5 Bd7 $14)) 21... Bd7 22. g4 ({White should play} 22. Nd6 $11) 22... dxe4 23. Bxe4 Nxe4 24. fxe4 Na4 25. Rab1 Bxf5 26. gxf5 c3 27. bxc3 Nxc3 28. Rbe1 a5 29. Re3 b4 30. Kg2 (30. d5 $11) 30... Rac8 31. axb4 axb4 32. d5 Re8 33. Kf3 Re7 34. Be1 Rce8 35. Bxc3 bxc3 36. Rc1 f6 37. Rcxc3 Kf7 38. Rc6 g5 39. Re6 Rxe6 40. dxe6+ Ke7 41. Kg4 Rd8 42. Kh5 Rd2 43. Kxh6 Rxh2+ 44. Kg7 Rc2 45. Rd3 Rc7 46. Kg6 Ra7 47. e5 fxe5 48. Rd7+ 1-0

[Event "58th Akiba Rubinstein D 2022"]
[Site "Polanica-Zdroj"]
[Date "2022.08.17"]
[Round "5.9"]
[White "Wilgosz, Szczepan"]
[Black "Sola, Wojciech"]
[Result "1-0"]
[ECO "B35"]
[WhiteElo "1530"]
[BlackElo "1780"]
[Annotator "NA RC"]
[PlyCount "138"]
[EventDate "2022.08.13"]
[EventCountry "POL"]
[SourceTitle "playchess.com"]
[Source "ChessBase"]
[SourceQuality "1"]
[TimeControl "40/5400+30:1800+30"]

1. e4 c5 2. Nf3 g6 3. d4 cxd4 4. Nxd4 Bg7 5. Nc3 Nc6 6. Be3 Nf6 7. Bc4 Qa5 8. O-O O-O 9. Bb3 d6 10. h3 Bd7 11. f4 Nxd4 12. Bxd4 Bc6 13. Qe1 e5 14. fxe5 dxe5 15. Bf2 Rad8 16. Bh4 Rd6 17. Nd5 Qxe1 18. Raxe1 Bxd5 19. exd5 Re8 20. c4 Nd7 21. Ba4 Kf8 22. c5 Nxc5 23. Bxe8 Kxe8 24. Rd1 f5 25. Bf2 b6 26. Rfe1 g5 27. g4 f4 28. Bxc5 bxc5 29. Re4 Rb6 30. b3 Kd7 31. Kg2 Kd6 32. Ra4 a6 33. Kf3 h6 34. Ke4 Bf6 35. Rc1 Bd8 36. Kf5 Bc7 37. Ra5 Kd7 38. Raxc5 Bd6 39. Rc6 Rb5 40. Ke4 a5 41. Ra6 f3 42. Ra7+ Kd8 43. Rf1 Rb4+ 44. Kxf3 Rf4+ 45. Kg2 Rd4 46. Rxa5 e4 47. Ra4 Rd3 48. Rxe4 Rg3+ 49. Kf2 Rxh3 50. Ke2 Bf4 51. Rexf4 gxf4 52. Rxf4 Rh4 53. Ra4 Kd7 54. Kf3 Kd6 55. Ra5 h5 56. gxh5 Rxh5 57. Ke4 Rh4+ 58. Kd3 Rh1 59. Kc4 Rh4+ 60. Kc3 Rh3+ 61. Kb4 Rg3 62. Ka4 Rg2 63. a3 Rg4+ 64. b4 Rg3 65. Rc5 Rh3 66. Rc1 Kxd5 67. b5 Kd6 68. Kb4 Rh2 69. Ka5 Kd5 1-0

[Event "58th Akiba Rubinstein D 2022"]
[Site "Polanica-Zdroj"]
[Date "2022.08.17"]
[Round "5.10"]
[White "Szczepanski, Krzysztof"]
[Black "Sleczka, Krzysztof"]
[Result "1/2-1/2"]
[ECO "D46"]
[WhiteElo "1790"]
[BlackElo "1443"]
[Annotator "NA RC"]
[PlyCount "117"]
[EventDate "2022.08.13"]
[EventCountry "POL"]
[SourceTitle "playchess.com"]
[Source "ChessBase"]
[SourceQuality "1"]
[TimeControl "40/5400+30:1800+30"]

1. Nf3 d5 2. d4 Nf6 3. c4 e6 4. Nc3 c6 5. e3 Be7 6. Bd3 Nbd7 7. O-O dxc4 8. Bxc4 b5 9. Bd3 Bb7 10. a3 a6 11. Bd2 c5 12. Rc1 Rc8 13. Bb1 O-O 14. dxc5 Nxc5 15. Ne2 Nce4 16. Rxc8 Bxc8 17. Qc2 Nxd2 18. Nxd2 Bb7 19. Nc3 g6 20. h3 Qb6 21. Nde4 Rc8 22. Qe2 Rc4 23. Nd2 Rc7 24. Nde4 Rc4 25. Nd2 Rc7 26. Nde4 Nd5 27. Nxd5 Bxd5 28. Re1 Qb7 29. f3 f5 30. Nc3 Bc4 31. Qc2 e5 32. e4 f4 33. Rd1 Bc5+ 34. Kh1 Bd4 35. Qd2 Qc6 36. Ba2 Bxa2 37. Nxa2 Qc2 38. Qxc2 Rxc2 39. Nb4 Rxb2 40. Nxa6 Rb3 41. Nc7 Kf7 42. h4 Ke7 43. Nd5+ Ke6 44. Nxf4+ exf4 45. Rxd4 Rxa3 46. Rb4 Ra5 47. Kh2 h5 48. Kh3 Kd6 49. g3 Kc5 50. Rb1 Ra3 51. Rf1 fxg3 52. Kxg3 b4 53. Kf4 b3 54. Kg5 Ra6 55. Rb1 Kc4 56. f4 Kd4 57. Rxb3 Kxe4 58. Rb2 Kd4 59. Rb1 1/2-1/2

[Event "58th Akiba Rubinstein D 2022"]
[Site "Polanica-Zdroj"]
[Date "2022.08.17"]
[Round "5.11"]
[White "Marek, Grzegorz"]
[Black "Markiewicz, Czeslaw"]
[Result "1/2-1/2"]
[ECO "A01"]
[WhiteElo "1478"]
[BlackElo "1750"]
[Annotator "NA RC"]
[PlyCount "78"]
[EventDate "2022.08.13"]
[EventCountry "POL"]
[SourceTitle "playchess.com"]
[Source "ChessBase"]
[SourceQuality "1"]
[TimeControl "40/5400+30:1800+30"]

1. b3 Nf6 2. Bb2 e6 3. e3 d5 4. Nf3 Be7 5. Be2 O-O 6. O-O b6 7. d4 Bb7 8. Nbd2 Nbd7 9. Rc1 a5 10. c4 c5 11. Qc2 Ne4 12. Nxe4 dxe4 13. Ne5 cxd4 14. Nxd7 Qxd7 15. Bxd4 Qc7 16. Rfd1 e5 17. Bb2 f5 18. Qc3 Bd6 19. c5 bxc5 20. Ba3 Rac8 21. Rxd6 Qxd6 22. Bxc5 Qf6 23. Bc4+ Kh8 24. Bxf8 Rxf8 25. Qxa5 f4 26. Qa7 Bc8 27. Bf1 h5 28. Qc5 h4 29. Qxc8 Rxc8 30. Rxc8+ Kh7 31. Rc3 h3 32. g3 fxg3 33. hxg3 h2+ 34. Kxh2 Qxf2+ 35. Bg2 Qd2 36. Rc4 Qxa2 37. Rxe4 Qxb3 38. Rxe5 Kg6 39. e4 Qe3 1/2-1/2

[Event "58th Akiba Rubinstein D 2022"]
[Site "Polanica-Zdroj"]
[Date "2022.08.17"]
[Round "5.12"]
[White "Owoc, Jakub"]
[Black "Garwacki, Kornel"]
[Result "1-0"]
[ECO "E92"]
[WhiteElo "1756"]
[BlackElo "1571"]
[Annotator "NA RC"]
[PlyCount "59"]
[EventDate "2022.08.13"]
[EventCountry "POL"]
[SourceTitle "playchess.com"]
[Source "ChessBase"]
[SourceQuality "1"]
[TimeControl "40/5400+30:1800+30"]

1. d4 Nf6 2. c4 d6 3. Nc3 g6 4. e4 Bg7 5. Nf3 O-O 6. Be2 e5 7. Be3 exd4 8. Nxd4 Re8 9. f3 Nbd7 10. O-O a5 11. Qd2 Nc5 12. Rfe1 c6 13. Rad1 Qe7 14. Nc2 Bf8 15. Bf4 Rd8 16. e5 Ne8 17. Bf1 Ne6 18. exd6 Nxd6 19. Qf2 Nf5 20. Bd2 Qc7 21. Ne4 Bg7 22. Bc3 Bxc3 23. bxc3 Rxd1 24. Rxd1 c5 25. g4 Ne7 26. Qh4 Nf8 27. Nf6+ Kh8 28. Ne8 Qe5 29. Re1 Qxc3 30. Qxe7 1-0

[Event "58th Akiba Rubinstein D 2022"]
[Site "Polanica-Zdroj"]
[Date "2022.08.17"]
[Round "5.13"]
[White "Serewa, Antoni"]
[Black "Ugorek, Kacper"]
[Result "1/2-1/2"]
[ECO "E61"]
[WhiteElo "1542"]
[BlackElo "1747"]
[Annotator "NA RC"]
[PlyCount "47"]
[EventDate "2022.08.13"]
[EventCountry "POL"]
[SourceTitle "playchess.com"]
[Source "ChessBase"]
[SourceQuality "1"]
[TimeControl "40/5400+30:1800+30"]

1. d4 Nf6 2. c4 g6 3. Nc3 Bg7 4. Nf3 O-O 5. Bg5 d6 6. e3 h6 7. Bh4 g5 8. Bg3 Nh5 9. Qc2 e6 10. Be2 f5 11. O-O Nxg3 12. hxg3 Nd7 13. Rad1 b6 14. b4 a5 15. a3 axb4 16. axb4 Bb7 17. c5 d5 18. Na4 bxc5 19. Nxc5 Nxc5 20. Qxc5 Qd6 21. Rc1 Rfc8 22. Rc2 Qxc5 23. bxc5 Bc6 24. Rb1 1/2-1/2

[Event "58th Akiba Rubinstein D 2022"]
[Site "Polanica-Zdroj"]
[Date "2022.08.17"]
[Round "5.14"]
[White "Pieczulis, Blazej"]
[Black "Nowicki, Bartosz"]
[Result "1/2-1/2"]
[ECO "D12"]
[WhiteElo "1720"]
[BlackElo "2291"]
[Annotator "TA"]
[PlyCount "54"]
[EventDate "2022.08.13"]
[EventCountry "POL"]
[SourceTitle "playchess.com"]
[Source "ChessBase"]
[SourceQuality "1"]
[TimeControl "40/5400+30:1800+30"]

1. d4 d5 2. c4 c6 3. e3 Nf6 4. Nf3 Bf5 5. Nc3 dxc4 6. Bxc4 e6 7. O-O Be7 8. b3 {[%emt 0:12:05] D15: Slav Defence: 4 Nc3 a6 and gambit lines after 4 Nc3 dxc4.} O-O 9. Bb2 {[%emt 0:00:31] [#]} b5 $146 ({Predecessor:} 9... Nbd7 10. Qe2 Qa5 11. e4 Bg4 12. h3 Bh5 13. Qe3 e5 14. g4 Bg6 15. Rad1 Rfe8 16. g5 Nh5 17. h4 Bd8 {1-0 (36) Moldovanovic,D (2005)-Arbutina,S (2356) Kac 2016}) 10. Bd3 {[%emt 0:04:14] White is slightly better.} Bxd3 11. Qxd3 Nbd7 12. Rfd1 a5 13. e4 Rc8 14. e5 Nd5 15. Nxd5 exd5 16. Qf5 Re8 17. Rac1 Nf8 18. Ne1 Qd7 19. Qd3 (19. Qxd7 $14 Nxd7 20. g3) 19... Ne6 $11 20. g3 g6 21. f4 Ng7 22. Ng2 Rc7 23. Ne3 h5 24. Kg2 Rec8 25. h3 Nf5 26. Nxf5 Qxf5 27. Qf3 Qe4 {[%emt 0:03:05] Weighted Error Value: White=0.13 (very precise) /Black=0.09 (flawless)} (27... c5 $11) 1/2-1/2

[Event "58th Akiba Rubinstein D 2022"]
[Site "Polanica-Zdroj"]
[Date "2022.08.17"]
[Round "5.15"]
[White "Grzebieniowski, Michal"]
[Black "Skrzypinski, Jan"]
[Result "1/2-1/2"]
[ECO "A85"]
[WhiteElo "1710"]
[BlackElo "1517"]
[Annotator "NA RC"]
[PlyCount "123"]
[EventDate "2022.08.13"]
[EventCountry "POL"]
[SourceTitle "playchess.com"]
[Source "ChessBase"]
[SourceQuality "1"]
[TimeControl "40/5400+30:1800+30"]

1. d4 f5 2. c4 Nf6 3. Nc3 e6 4. Nf3 d5 5. e3 c6 6. Bd3 Bd6 7. O-O O-O 8. Qc2 Ne4 9. Ne1 Qh4 10. g3 Qf6 11. f3 Nxc3 12. bxc3 Na6 13. Bd2 h5 14. Ng2 Nc7 15. Rae1 e5 16. Qb3 Qf7 17. e4 Be6 18. exf5 Bxf5 19. Bxf5 Qxf5 20. c5 Be7 21. Rxe5 Qd7 22. Rxh5 Ne6 23. Qb1 b6 24. cxb6 axb6 25. Nf4 Nxf4 26. Bxf4 c5 27. Be5 Bf6 28. Re1 Bxe5 29. Rexe5 Rf6 30. Qh7+ Kf7 31. Rhg5 Rg8 32. Rgf5 Ra8 33. Qh5+ Kg8 34. Rxf6 gxf6 35. Qg6+ Qg7 36. Qxg7+ Kxg7 37. Rxd5 cxd4 38. Rxd4 Rxa2 39. Rb4 Rc2 40. Rxb6 Rxc3 41. Kg2 Rc2+ 42. Kh3 Rf2 43. Rb3 Kg6 44. g4 Ra2 45. Kg3 Ra6 46. h3 Kh6 47. Kh4 Rc6 48. Re3 Rb6 49. Re4 Ra6 50. f4 Rb6 51. Re3 Ra6 52. f5 Kg7 53. Kh5 Ra7 54. h4 Rb7 55. g5 Rf7 56. Kg4 Rd7 57. Re4 Rc7 58. h5 fxg5 59. Kxg5 Kf7 60. h6 Rc6 61. Ra4 Rc7 62. Ra8 1/2-1/2

[Event "58th Akiba Rubinstein D 2022"]
[Site "Polanica-Zdroj"]
[Date "2022.08.17"]
[Round "5.16"]
[White "Latacz, Grzegorz"]
[Black "Bialik, Nikodem"]
[Result "0-1"]
[ECO "A59"]
[WhiteElo "1449"]
[BlackElo "1638"]
[Annotator "NA RC"]
[PlyCount "120"]
[EventDate "2022.08.13"]
[EventCountry "POL"]
[SourceTitle "playchess.com"]
[Source "ChessBase"]
[SourceQuality "1"]
[TimeControl "40/5400+30:1800+30"]

1. d4 Nf6 2. c4 c5 3. d5 b5 4. cxb5 a6 5. bxa6 Bxa6 6. Nc3 d6 7. e4 Bxf1 8. Kxf1 g6 9. Nf3 Bg7 10. g3 O-O 11. Kg2 Nbd7 12. Qe2 Qb6 13. a4 Rfb8 14. Nb5 Ne8 15. Bg5 Kf8 16. Nd2 Nc7 17. Nc4 Qb7 18. Nxc7 Qxc7 19. h4 Nb6 20. h5 Rxa4 21. Nxb6 Rxa1 22. Rxa1 Qxb6 23. hxg6 hxg6 24. Rb1 Qb4 25. Bd2 Qa4 26. Bc1 Rb4 27. f3 Qb5 28. Qxb5 Rxb5 29. Ra1 Bd4 30. Ra2 Kg7 31. Kf1 f5 32. exf5 gxf5 33. Ke2 Be5 34. g4 fxg4 35. fxg4 Rb4 36. g5 Rd4 37. Ra7 Kf7 38. g6+ Kxg6 39. Rxe7 Rxd5 40. Rb7 Rd4 41. Rb3 Kf5 42. Rd3 Re4+ 43. Kd1 c4 44. Rd2 Ke6 45. Re2 Rg4 46. Kc2 d5 47. b3 c3 48. Rxe5+ Kxe5 49. Kxc3 d4+ 50. Kc4 Ke4 51. b4 Rg2 52. Bh6 Rc2+ 53. Kb3 d3 54. b5 Kd5 55. b6 Kc6 56. Be3 Kb7 57. Bd4 Ka6 58. Be3 Re2 59. Bd4 Ra2 60. Bb2 d2 0-1

[Event "58th Akiba Rubinstein D 2022"]
[Site "Polanica-Zdroj"]
[Date "2022.08.17"]
[Round "5.18"]
[White "Stepinski, Piotr"]
[Black "Bartosik, Dawid"]
[Result "1-0"]
[ECO "B27"]
[WhiteElo "1568"]
[BlackElo "1443"]
[Annotator "NA RC"]
[PlyCount "107"]
[EventDate "2022.08.13"]
[EventCountry "POL"]
[SourceTitle "playchess.com"]
[Source "ChessBase"]
[SourceQuality "1"]
[TimeControl "40/5400+30:1800+30"]

1. e4 c5 2. Nf3 g6 3. c3 Bg7 4. d4 cxd4 5. cxd4 d5 6. e5 Bg4 7. Bb5+ Nc6 8. Bxc6+ bxc6 9. Nbd2 f6 10. h3 Bd7 11. O-O e6 12. b3 Ne7 13. Ba3 O-O 14. Re1 f5 15. Qc2 Rf7 16. Bc5 f4 17. Nb1 Nf5 18. Nc3 g5 19. Rad1 h5 20. Nh2 Bf8 21. Na4 Rg7 22. Bxf8 Qxf8 23. Nc5 Bc8 24. f3 Ne3 25. Rxe3 fxe3 26. Qd3 a5 27. Qxe3 Raa7 28. Rc1 Raf7 29. Rd1 Rg6 30. Rc1 Rfg7 31. a3 g4 32. hxg4 h4 33. Rf1 Qe7 34. Rf2 Bd7 35. Kf1 Be8 36. f4 Rxg4 37. Nxg4 Rxg4 38. f5 exf5 39. Rxf5 Rg3 40. Rf3 Rxf3+ 41. Qxf3 Qf7 42. Qxf7+ Bxf7 43. Kf2 Kf8 44. Nb7 Ke7 45. Nxa5 Kd7 46. Nb7 Kc7 47. Nc5 Bg6 48. b4 Bf5 49. a4 Kb6 50. e6 Kc7 51. a5 Kb8 52. e7 Bg6 53. Nd7+ Kc7 54. Nf6 1-0

[Event "58th Akiba Rubinstein D 2022"]
[Site "Polanica-Zdroj"]
[Date "2022.08.17"]
[Round "5.19"]
[White "Wziatek, Marek"]
[Black "Suszczynski, Dominik"]
[Result "0-1"]
[ECO "A10"]
[WhiteElo "1617"]
[BlackElo "1329"]
[Annotator "NA RC"]
[PlyCount "76"]
[EventDate "2022.08.13"]
[EventCountry "POL"]
[SourceTitle "playchess.com"]
[Source "ChessBase"]
[SourceQuality "1"]
[TimeControl "40/5400+30:1800+30"]

1. c4 f5 2. Nc3 Nf6 3. g3 g6 4. Bg2 Bg7 5. d4 O-O 6. Nf3 d6 7. O-O Qe8 8. Nd5 Nxd5 9. cxd5 c6 10. Qb3 Kh8 11. Bf4 cxd5 12. Qxd5 Nc6 13. Be3 Bd7 14. Rfd1 Rd8 15. Rd2 e5 16. Bg5 Be6 17. Qb5 Ne7 18. Qxb7 Rd7 19. Qa6 e4 20. Bxe7 Qxe7 21. e3 exf3 22. Bxf3 d5 23. Rc1 Rd6 24. Qa3 Rfd8 25. Rdc2 R6d7 26. Qa5 f4 27. gxf4 Bf5 28. Rc7 Rxc7 29. Rxc7 Qd6 30. Qxa7 Rg8 31. a3 Be4 32. Rd7 Qe6 33. Re7 Qh3 34. Bxe4 dxe4 35. Rxg7 Qg4+ 36. Kf1 Qd1+ 37. Kg2 Qf3+ 38. Kf1 Qd1+ 0-1

[Event "58th Akiba Rubinstein D 2022"]
[Site "Polanica-Zdroj"]
[Date "2022.08.17"]
[Round "5.20"]
[White "Milczarek, Robert"]
[Black "Wilgosz, Tomasz"]
[Result "1/2-1/2"]
[ECO "D50"]
[WhiteElo "1653"]
[BlackElo "1513"]
[Annotator "NA RC"]
[PlyCount "136"]
[EventDate "2022.08.13"]
[EventCountry "POL"]
[SourceTitle "playchess.com"]
[Source "ChessBase"]
[SourceQuality "1"]
[TimeControl "40/5400+30:1800+30"]

1. d4 e6 2. c4 d5 3. Nc3 Nf6 4. Bg5 Bb4 5. cxd5 exd5 6. e3 c6 7. Bd3 O-O 8. Nge2 Bg4 9. Qc2 Bxe2 10. Qxe2 Qa5 11. O-O Nbd7 12. Rfc1 Bxc3 13. bxc3 Ne4 14. Be7 Rfe8 15. Bb4 Qc7 16. c4 Ndf6 17. cxd5 Nxd5 18. Be1 Nef6 19. Qf3 Qe7 20. Rab1 Rad8 21. h3 Rd6 22. Qg3 Re6 23. Bf5 Ne4 24. Qf3 Rf6 25. Qxe4 Qxe4 26. Bxe4 Rxe4 27. Rxb7 g5 28. Rxa7 g4 29. hxg4 Rxg4 30. Ra6 Rgg6 31. a4 h5 32. Bd2 Nc7 33. Ra7 Nd5 34. e4 Nf4 35. Bxf4 Rxf4 36. Ra8+ Kg7 37. Rc3 Rxe4 38. Rd3 Re1+ 39. Kh2 Re2 40. Rf3 Rd2 41. Ra7 Rf6 42. Rxf6 Kxf6 43. Ra6 Rxf2 44. Rxc6+ Ke7 45. a5 Rd2 46. Rc5 Rxd4 47. Rxh5 Ra4 48. Rb5 Kf8 49. Rb8+ Kg7 50. Ra8 Ra2 51. a6 Ra3 52. a7 Ra2 53. Kg3 Ra4 54. Kf3 Ra2 55. Kf4 Ra4+ 56. Ke5 Ra5+ 57. Kd6 Ra2 58. Kc5 Ra1 59. Kd6 Ra2 60. Ke5 Ra5+ 61. Kf4 Ra4+ 62. Kg3 Ra2 63. Kh3 Ra1 64. g4 Ra2 65. Kh4 Ra1 66. Kg5 Ra2 67. Kf5 Ra5+ 68. Ke4 Ra4+ 1/2-1/2

[Event "58th Akiba Rubinstein D 2022"]
[Site "Polanica-Zdroj"]
[Date "2022.08.17"]
[Round "5.21"]
[White "Litwin, Tomasz"]
[Black "Misiek, Stanislaw"]
[Result "0-1"]
[ECO "A00"]
[WhiteElo "1580"]
[BlackElo "1427"]
[Annotator "NA RC"]
[PlyCount "135"]
[EventDate "2022.08.13"]
[EventCountry "POL"]
[SourceTitle "playchess.com"]
[Source "ChessBase"]
[SourceQuality "1"]
[TimeControl "40/5400+30:1800+30"]

1. b4 d5 2. Bb2 Bf5 3. e3 e6 4. c4 Nf6 5. b5 Be7 6. Nf3 h6 7. Be2 O-O 8. O-O a6 9. a4 Bh7 10. d4 c5 11. Nbd2 Nbd7 12. Qb3 Bd6 13. Ba3 Qe7 14. Rfc1 axb5 15. axb5 g5 16. g3 Ne4 17. cxd5 g4 18. Nxe4 Bxe4 19. Nd2 Bxd5 20. Qd1 Rxa3 21. Rxa3 cxd4 22. Ra4 dxe3 23. Rxg4+ Kh7 24. fxe3 f5 25. Rh4 Rg8 26. Kf2 Qg5 27. Nf1 Nc5 28. Bd3 Nb3 29. Rc3 Qxh4 30. gxh4 Rg2+ 31. Ke1 Bb4 32. Bxf5+ Kh8 33. Qd3 Bf3 34. Qd8+ Kg7 35. Qd7+ Kf8 36. Qc8+ Kg7 37. Bd3 Nc1 38. Qd7+ Kf8 39. Qd4 Nxd3+ 40. Qxd3 Bxc3+ 41. Qxc3 Re2+ 42. Kd1 Rxe3+ 43. Kd2 Rxc3 44. Kxc3 Be2 45. Ne3 Bxb5 46. Kd4 Ke7 47. Ke5 Be2 48. Nc2 b5 49. Nd4 Bc4 50. Nc6+ Kf7 51. Nb4 Kg6 52. Kf4 h5 53. Ke5 Kf7 54. Nc6 Ke8 55. Kd6 Kf8 56. Nb4 Kg7 57. Ke5 Kg6 58. Nc6 Kf7 59. Nb4 Be2 60. Nc6 Bg4 61. Nb4 Bf3 62. Nd3 Ke7 63. Nb4 Kd7 64. Nd3 Bg4 65. Nb4 Kc7 66. Nd3 Kb6 67. Kd6 Bf5 68. Nb4 0-1

[Event "58th Akiba Rubinstein D 2022"]
[Site "Polanica-Zdroj"]
[Date "2022.08.17"]
[Round "5.23"]
[White "Ursnik, Patryk"]
[Black "Stachowiak, Bruno"]
[Result "1/2-1/2"]
[ECO "C47"]
[WhiteElo "1671"]
[BlackElo "1462"]
[Annotator "NA RC"]
[PlyCount "48"]
[EventDate "2022.08.13"]
[EventCountry "POL"]
[SourceTitle "playchess.com"]
[Source "ChessBase"]
[SourceQuality "1"]
[TimeControl "40/5400+30:1800+30"]

1. e4 e5 2. Nf3 Nc6 3. Nc3 Nf6 4. d4 exd4 5. Nxd4 Bb4 6. Nxc6 bxc6 7. Bd3 d6 8. O-O h6 9. h3 O-O 10. Qf3 Re8 11. a3 Bxc3 12. bxc3 Nd7 13. Qg3 Qf6 14. f4 Qxc3 15. Rb1 Qf6 16. e5 Qe7 17. Bb2 dxe5 18. Rbe1 Qf8 19. fxe5 Nc5 20. e6 Rxe6 21. Qxc7 Nxd3 22. cxd3 Rxe1 23. Rxe1 Bf5 24. Qxc6 Bxd3 1/2-1/2

[Event "58th Akiba Rubinstein D 2022"]
[Site "Polanica-Zdroj"]
[Date "2022.08.17"]
[Round "5.24"]
[White "Jankowski, Franciszek"]
[Black "Grzelak, Piotr"]
[Result "0-1"]
[ECO "D35"]
[WhiteElo "1483"]
[BlackElo "1684"]
[Annotator "NA RC"]
[PlyCount "91"]
[EventDate "2022.08.13"]
[EventCountry "POL"]
[SourceTitle "playchess.com"]
[Source "ChessBase"]
[SourceQuality "1"]
[TimeControl "40/5400+30:1800+30"]

1. d4 e6 2. c4 d5 3. Nc3 Nf6 4. cxd5 exd5 5. Bg5 Be7 6. Qc2 c6 7. e3 O-O 8. Bd3 h6 9. Bh4 Re8 10. Nge2 Bg4 11. f3 Be6 12. Bf2 Nbd7 13. O-O c5 14. Qd2 Rc8 15. Rae1 a6 16. e4 dxe4 17. fxe4 cxd4 18. Nxd4 Ne5 19. Be2 Bb4 20. Qc2 Nfg4 21. Nxe6 Rxe6 22. Rd1 Qg5 23. Bxg4 Nxg4 24. Rd5 Re5 25. Rxe5 Qxe5 26. Bg3 Qc5+ 27. Bf2 Nxf2 28. Qxf2 Qxf2+ 29. Kxf2 Bxc3 30. bxc3 Rxc3 31. Rb1 Rc2+ 32. Kf3 b5 33. a4 bxa4 34. Rb6 a3 35. Rxa6 a2 36. h4 Kf8 37. Ra7 g6 38. g3 Ke8 39. Kf4 Kd8 40. g4 Kc8 41. h5 g5+ 42. Ke5 Kb8 43. Ra3 Rf2 44. Ra7 Rc2 45. Ra3 Rf2 46. Kd6 0-1

[Event "58th Akiba Rubinstein D 2022"]
[Site "Polanica-Zdroj"]
[Date "2022.08.17"]
[Round "5.25"]
[White "Kuska, Bartosz"]
[Black "Markiewicz, Jacek"]
[Result "0-1"]
[ECO "A53"]
[WhiteElo "1432"]
[BlackElo "1610"]
[Annotator "NA RC"]
[PlyCount "86"]
[EventDate "2022.08.13"]
[EventCountry "POL"]
[SourceTitle "playchess.com"]
[Source "ChessBase"]
[SourceQuality "1"]
[TimeControl "40/5400+30:1800+30"]

1. d4 Nf6 2. c4 d6 3. Nc3 e5 4. dxe5 dxe5 5. Qxd8+ Kxd8 6. Bg5 c6 7. Nf3 Nbd7 8. a3 a5 9. e3 Kc7 10. Be2 Ne8 11. Bh4 f6 12. Bg3 Nd6 13. Rc1 Nf5 14. Nd2 h5 15. e4 Nd4 16. f4 h4 17. Bf2 Nxe2 18. Nxe2 Nc5 19. Rc3 Bg4 20. Be3 Rd8 21. Bxc5 Bxc5 22. Nb3 Bd4 23. Nexd4 exd4 24. Rd3 Rhe8 25. Nd2 Bf5 26. Kf2 Bxe4 27. Nxe4 Rxe4 28. Kf3 f5 29. g4 hxg3 30. hxg3 Rde8 31. Rh7 Re3+ 32. Rxe3 Rxe3+ 33. Kf2 Re7 34. b4 d3 35. b5 cxb5 36. cxb5 Kb6 37. a4 d2 38. Rh1 Re1 39. Rxe1 dxe1=Q+ 40. Kxe1 Kc5 41. Kd2 Kb4 42. Kd3 Kxa4 43. Kc4 b6 0-1

[Event "58th Akiba Rubinstein D 2022"]
[Site "Polanica-Zdroj"]
[Date "2022.08.17"]
[Round "5.26"]
[White "Blasiak, Miroslaw"]
[Black "Rychlik, Michal"]
[Result "0-1"]
[ECO "C18"]
[WhiteElo "1608"]
[BlackElo "1354"]
[Annotator "NA RC"]
[PlyCount "60"]
[EventDate "2022.08.13"]
[EventCountry "POL"]
[SourceTitle "playchess.com"]
[Source "ChessBase"]
[SourceQuality "1"]
[TimeControl "40/5400+30:1800+30"]

1. e4 e6 2. d4 d5 3. Nc3 Bb4 4. e5 c5 5. a3 Bxc3+ 6. bxc3 Ne7 7. Qg4 O-O 8. Bd3 f5 9. exf6 Rxf6 10. Qh5 h6 11. Nf3 c4 12. Be2 Qa5 13. Bd2 Nbc6 14. g4 Bd7 15. g5 hxg5 16. Nxg5 Rh6 17. Qg4 Rd8 18. Rg1 e5 19. Qg2 Nf5 20. Bg4 exd4 21. cxd4 c3 22. Bf4 Ncxd4 23. Rc1 Nh4 24. Qg3 Re8+ 25. Kd1 Bxg4+ 26. Qxg4 Qa6 27. Be3 Ndf5 28. Bf4 d4 29. Re1 Rd8 30. Qe2 Ne3+ 0-1

[Event "58th Akiba Rubinstein D 2022"]
[Site "Polanica-Zdroj"]
[Date "2022.08.17"]
[Round "5.27"]
[White "Krygiel, Konrad"]
[Black "Pietryk, Joanna"]
[Result "1-0"]
[ECO "B12"]
[WhiteElo "1603"]
[BlackElo "1417"]
[Annotator "NA RC"]
[PlyCount "50"]
[EventDate "2022.08.13"]
[EventCountry "POL"]
[SourceTitle "playchess.com"]
[Source "ChessBase"]
[SourceQuality "1"]
[TimeControl "40/5400+30:1800+30"]

1. e4 c6 2. d4 d5 3. e5 Bf5 4. h4 h6 5. g4 Bg6 6. h5 Bh7 7. Bd3 Bxd3 8. Qxd3 e6 9. Nf3 Nd7 10. Nbd2 c5 11. c4 cxd4 12. cxd5 exd5 13. Qxd4 Nc5 14. O-O Ne6 15. Qa4+ Qd7 16. Qxd7+ Kxd7 17. Nb3 Ne7 18. Rd1 Rd8 19. Be3 b6 20. a4 Kc7 21. a5 Kb7 22. Nbd4 Nxd4 23. Nxd4 Nc6 24. Nf3 Ne7 25. Nd4 Nc6 1-0

[Event "58th Akiba Rubinstein D 2022"]
[Site "Polanica-Zdroj"]
[Date "2022.08.17"]
[Round "5.28"]
[White "Paziewski, Marcin"]
[Black "Rosa, Antoni"]
[Result "0-1"]
[ECO "D09"]
[WhiteElo "1413"]
[BlackElo "1598"]
[Annotator "NA RC"]
[PlyCount "79"]
[EventDate "2022.08.13"]
[EventCountry "POL"]
[SourceTitle "playchess.com"]
[Source "ChessBase"]
[SourceQuality "1"]
[TimeControl "40/5400+30:1800+30"]

1. d4 d5 2. c4 e5 3. dxe5 d4 4. Nf3 Nc6 5. g3 Nge7 6. Bg2 Ng6 7. O-O Ngxe5 8. Nxe5 Nxe5 9. Qc2 Be7 10. Rd1 O-O 11. c5 c6 12. Be3 dxe3 13. Rxd8 exf2+ 14. Kxf2 Rxd8 15. h3 b6 16. cxb6 axb6 17. Nd2 Bc5+ 18. Kf1 Be6 19. a3 Rxd2 20. Qxd2 Nc4 21. Qc1 Ne3+ 22. Kg1 Nc2+ 23. Kh2 Nxa1 24. Qxa1 Rd8 25. Qc1 h5 26. Qg5 Rd1 27. Bxc6 Rf1 28. e3 Rf2+ 29. Kg1 Rxb2 30. Qd8+ Kh7 31. Qd3+ g6 32. Bd7 Rb3 33. Qd1 Rxe3 34. Kg2 Bc4 35. g4 h4 36. Bc6 Re2+ 37. Kh1 Re3 38. Kg2 Rxa3 39. Qd8 Ra2+ 40. Kh1 0-1